 Dungeon Crawl Stone Soup version 0.31.0-9-g3a7656b989 (webtiles) character file.

Game seed: 4141247702344762939

14 qw the Shooter (level 2, 0/16 HPs)
             Began as a Deep Elf Hunter on Feb 2, 2024.
             Slain by a ribbon worm (8 damage)
             ... on level 2 of the Dungeon.
             The game lasted 00:00:02 (815 turns).

qw the Shooter (Deep Elf Hunter)                     Turns: 815, Time: 00:00:03

Health: 0/16       AC:  3    Str:  8    XL:     2   Next: 31%
Magic:  4/4        EV: 12    Int: 13    God:
Gold:   62         SH:  0    Dex: 18    Spells: 1/1 levels left

rFire   . . .        a - +0 shortbow
rCold   . . .        (shield currently unavailable)
rNeg    . . .        c - +0 leather armour
rPois   .            (no helmet)
rElec   .            (no cloak)
rCorr   .            (no gloves)
SInv    .            (no boots)
Will    .....        (no amulet)
Stlth   ++           (no ring)
HPRegen 0.22/turn    (no ring)
MPRegen 0.09/turn

%: no passive effects
@: no status effects
A: no striking features
a: no special abilities


You were on level 2 of the Dungeon.
You visited 1 branch of the dungeon, and saw 2 of its levels.

You collected 62 gold pieces.


   Skills:
 - Level 1.5 Fighting
 + Level 6.1 Ranged Weapons
 - Level 2.4 Dodging
 - Level 1.2 Stealth


You had one spell level left.
You didn't know any spells.
Your spell library was empty.

Inventory:

Hand Weapons
 a - a +0 shortbow (weapon)
Armour
 c - a +0 leather armour (worn)
Jewellery
 d - an amulet of guardian spirit
Scrolls
 e - a scroll of identify
 i - a scroll of enchant armour
Potions
 b - a potion of haste {unknown}
 g - 2 potions of curing

Dungeon Overview and Level Annotations

Branches:
Dungeon (2/15)

Altars:


Message History

The ribbon worm expels a string of sticky webbing.
The stream of webbing misses you.
You shoot an arrow.
The arrow hits the ribbon worm but does no damage.
You see here 3 scrolls of identify.
You shoot an arrow.
The arrow barely misses the ribbon worm.
You shoot an arrow.
The arrow hits the ribbon worm but does no damage.
You shoot an arrow. The arrow hits the ribbon worm.
The ribbon worm is lightly wounded.
You shoot an arrow. The arrow hits the ribbon worm.
The ribbon worm is lightly wounded.
The ribbon worm bites you.
You shoot an arrow. The arrow hits the ribbon worm.
The ribbon worm is lightly wounded.
The ribbon worm bites you.
You shoot an arrow. The arrow hits the ribbon worm.
The ribbon worm is lightly wounded.
You shoot an arrow. The arrow hits the ribbon worm.
The ribbon worm is moderately wounded.
The ribbon worm barely misses you.
You shoot an arrow. The arrow hits the ribbon worm!
The ribbon worm is severely wounded.
The ribbon worm closely misses you.
You shoot an arrow. The arrow hits the ribbon worm.
The ribbon worm is severely wounded.
The ribbon worm expels a string of sticky webbing.
The stream of webbing hits you but does no damage.
You are caught in a web!
The web tears apart.
The ribbon worm bites you but does no damage.
You shoot an arrow.
The arrow barely misses the ribbon worm.
The ribbon worm bites you.
You shoot an arrow. The arrow hits the ribbon worm.
The ribbon worm is severely wounded.
The ribbon worm bites you!
Ouch! That really hurt!
You die...

.. ....# .###....#
........# #.......#
###>......# ........
###...# #..@w.# .)....
......##.## .......
...## #.# # ....... .
#.# .# .....<#.#
#####.###.# ........#
#...(.....#
......^.#.#
#........##
............#........#
........#.#..........#


You could see a ribbon worm (catching breath).

Vanquished Creatures
  A ribbon worm (D:2)
  An endoplasm (D:2)
  2 goblins (D:1)
  2 hobgoblins (D:1)
  A quokka (D:1)
  A bat (D:1)
  4 rats
12 creatures vanquished.

Notes
Turn   | Place    | Note
-------+----------+-------------------------------------------
     0 | D:1      | qw the Deep Elf Hunter began the quest for the Orb.
     0 | D:1      | Reached XP level 1. HP: 12/12 MP: 3/3
     0 | D:1      | 0 ||| qw: Version: 0.3-a-155-g5e7d8dd
     0 | D:1      | 0 ||| qw: Game counter: 939
     0 | D:1      | 0 ||| qw: Melee chars always use a shield: true
     0 | D:1      | 0 ||| qw: God list: Okawaru
     0 | D:1      | 0 ||| qw: Allow faded altars: false
     0 | D:1      | 0 ||| qw: Do Orc after clearing Dungeon:15 true
     0 | D:1      | 0 ||| qw: Do second Lair branch before Depths: true
     0 | D:1      | 0 ||| qw: Lair rune preference: random
     0 | D:1      | 0 ||| qw: Goals: Normal
     0 | D:1      | 0 ||| PLANNING D:1-11
   124 | D:1      | Found a faded altar of an unknown god.
   519 | D:1      | Reached XP level 2. HP: 16/16 MP: 4/4
   541 | D:1      | 541 ||| DROPPING ring of flight.
   542 | D:1      | 542 ||| READING 2 scrolls labelled WEETEC BUC.
   543 | D:1      | 543 ||| READING 4 scrolls labelled QOELEMN UPIXI.
   543 | D:1      | 543 ||| IDENTIFYING grey potion
   544 | D:1      | 544 ||| READING 3 scrolls of identify.
   544 | D:1      | 544 ||| IDENTIFYING 2 yellow potions
   545 | D:1      | 545 ||| READING 2 scrolls of identify.
   545 | D:1      | 545 ||| IDENTIFYING scroll labelled YCIK VUAFOID ISI
   546 | D:1      | 546 ||| DROPPING scroll of butterflies.
   547 | D:1      | 547 ||| DROPPING scroll of poison.
   548 | D:1      | 548 ||| DROPPING potion of berserk rage.
   550 | D:1      | 550 ||| Stepping ~*~*~tactically~*~*~ (cloud).
   631 | D:2      | Reached skill level 6 in Ranged Weapons
   712 | D:2      | HP: 4/16 [ribbon worm (5)]
   815 | D:2      | Slain by a ribbon worm

Levels and vault maps discovered:
D:1:      tarquinn_simple_flora_water_f, layout_loops_ring,
          shapermc_ecumenical_altar_mp_urbaneastern
D:2:      layout_rooms, serial_shops, shop

Skill      XL: |  1  2 |
---------------+-------+-----
Ranged Weapons | 6 |  6.1
Fighting       | |  1.5
Dodging        | |  2.4
Stealth        | |  1.2

Action                     || total
---------------------------++-------
   Fire: Shortbow          ||    43
    Use: Scroll            ||     4
 Armour: Leather armour    ||    10
  Dodge: Dodged            ||     3

Table legend:
 A = Non-vault XP
 B = Vault XP
 C = Vault XP percentage of total XP
 D = Non-vault monster count
 E = Vault monster count
 F = Vault count percentage of total count
                 A         B        C        D         E       F
            +---------+---------+-------+---------+---------+-------
      Total |      21 |       0 |   0.0 |      12 |       0 |   0.0
            +---------+---------+-------+---------+---------+-------
        D:1 |      12 |       0 |   0.0 |       7 |       0 |   0.0
        D:2 |       9 |       0 |   0.0 |       5 |       0 |   0.0
            +---------+---------+-------+---------+---------+-------
